AoeStats
← Tosti133

Black Forest

510267767Analyzed
4v4 RM · 1d ago on Sep 30, 2026· 73m 51s· 8 players
Game mode
Random Map
Map size
Large (8 player)
Population
200
Speed
Normal
Resources
Standard
Victory
Conquest
Starting age
Dark Age
Ending age
Imperial Age
RankedLock teamsTeams togetherTeam positionsShared explorationLock speedFull tech treeHidden civsTurbo modeCheats
Victory
Defeat
🇳🇴 Vietnamese · Norway
617
+14
🇺🇸 Spanish · United States
582
+16
🇩🇪 Goths · Germany
554
+17
🇲🇽 Bohemians · Mexico
499
+19
🇨🇳 Vietnamese · China
648
-20
🇹🇼 Byzantines · Taiwan
587
-17
🇭🇰 Goths · Hong Kong SAR China
540
-15
🇵🇱 Maya · Poland
511
-14
FOB The Builder
14:08 Feudal Age
17:53 Wheelbarrow
18:02 Horse Collar
18:11 Double-Bit Axe
18:21 Stone Mining
18:22 Gold Mining
25:09 Castle Age
26:50 Padded Archer Armor
26:40 Fletching
27:35 Stone Shaft Mining
28:04 Bow Saw
29:04 Leather Archer Armor
28:44 Bodkin Arrow
29:59 Caravan
32:36 Hand Cart
38:00 Imperial Age
35:55 Heavy Plow
39:43 Ring Archer Armor
39:13 Bracer
40:51 Chemistry
40:08 Fortified Wall
39:34 Cavalier
41:42 Husbandry
41:53 Bloodlines
41:30 Elite Skirmisher
43:13 Elite Conquistador
43:47 Pikeman
45:13 Scale Mail Armor
45:30 Gambesons
45:08 Halberdier
46:12 Imperial Skirmisher
49:07 Chain Mail Armor
49:03 Forging
51:25 Conscription
55:52 Plate Mail Armor
55:57 Iron Casting
55:26 Squires
55:12 Arson
63:04 Blast Furnace
66:01 Paladin
67:56 Scale Barding Armor
Jorge_19
13:58 Feudal Age
14:29 Double-Bit Axe
14:26 Horse Collar
24:31 Castle Age
22:38 Arson
22:56 Scale Mail Armor
23:07 Forging
24:39 Scale Barding Armor
26:00 Bow Saw
25:52 Heavy Plow
25:48 Man-at-Arms
26:55 Light Cavalry
28:38 Long Swordsman
32:23 Chain Mail Armor
35:15 Iron Casting
37:50 Imperial Age
35:36 Pikeman
36:16 Squires
38:49 Chemistry
38:10 Ballistics
38:40 Wheelbarrow
40:09 Two-Man Saw
39:49 Plate Mail Armor
40:20 Blast Furnace
41:55 Chain Barding Armor
43:04 Elite Hussite Wagon
45:34 Halberdier
52:06 Onager
69:23 Houfnice
calxibe
0:27 Loom
11:29 Feudal Age
12:05 Double-Bit Axe
20:10 Castle Age
18:21 Stone Mining
18:49 Gold Mining
18:59 Horse Collar
22:01 Bow Saw
22:01 Heavy Plow
22:52 Caravan
23:48 Wheelbarrow
26:14 Hand Cart
32:02 Imperial Age
29:18 Town Watch
30:33 Town Patrol
30:26 Fletching
30:37 Padded Archer Armor
31:20 Stone Shaft Mining
33:17 Crop Rotation
33:50 Two-Man Saw
33:56 Chemistry
33:16 Ballistics
33:09 Fortified Wall
32:56 Murder Holes
34:36 Siege Engineers
35:02 Bodkin Arrow
35:23 Leather Archer Armor
35:49 Paper Money
35:56 Elite Rattan Archer
36:49 Thumb Ring
37:08 Bloodlines
37:14 Husbandry
37:42 Elite Skirmisher
39:45 Imperial Skirmisher
41:58 Pikeman
42:38 Squires
42:24 Arson
42:52 Forging
42:43 Scale Mail Armor
42:43 Bracer
43:14 Ring Archer Armor
42:28 Halberdier
49:07 Hoardings
48:35 Chatras
47:57 Elite Battle Elephant
51:31 Iron Casting
51:12 Chain Mail Armor
51:02 Scale Barding Armor
tobhaeg
0:30 Loom
14:32 Feudal Age
23:10 Castle Age
23:09 Wheelbarrow
22:19 Horse Collar
22:27 Double-Bit Axe
22:45 Scale Mail Armor
22:57 Forging
22:42 Gold Mining
27:34 Chain Mail Armor
27:55 Iron Casting
27:26 Heavy Plow
27:40 Bow Saw
27:53 Hand Cart
32:57 Anarchy
36:54 Imperial Age
34:46 Squires
34:07 Pikeman
37:41 Caravan
38:12 Coinage
38:12 Ballistics
38:53 Chemistry
38:19 Conscription
38:00 Perfusion
37:21 Elite Huskarl
39:18 Crop Rotation
38:30 Halberdier
41:45 Blast Furnace
41:19 Man-at-Arms
41:51 Long Swordsman
42:29 Two-Handed Swordsman
43:06 Champion
45:24 Two-Man Saw
68:57 Fletching
70:49 Murder Holes
70:45 Heated Shot
70:35 Treadmill Crane
71:06 Masonry
70:51 Stone Mining
70:35 Sappers
70:54 Town Watch
71:11 Bodkin Arrow
71:17 Padded Archer Armor
71:23 Scale Barding Armor
71:36 Fervor
71:47 Sanctity
71:28 Devotion
71:54 Illumination
72:04 Theocracy
71:26 Herbal Medicine
72:07 Banking
71:47 Guilds
72:05 Careening
72:06 Clinker Construction
72:17 Shipwright
72:02 Siphons
72:03 Bracer
72:34 Spies/Treason
74:41 Faith
Tosti133
17:25 Feudal Age
19:48 Wheelbarrow
19:04 Double-Bit Axe
19:09 Horse Collar
20:06 Stone Mining
20:07 Gold Mining
20:54 Fletching
23:58 Padded Archer Armor
25:53 Forging
25:44 Scale Mail Armor
32:24 Castle Age
34:32 Hand Cart
36:46 Stone Shaft Mining
36:15 Heavy Plow
36:30 Bow Saw
37:00 Caravan
37:31 Crossbowman
38:16 Thumb Ring
38:10 Bodkin Arrow
38:30 Leather Archer Armor
42:16 Imperial Age
41:17 Chain Mail Armor
41:11 Squires
40:31 Pikeman
42:31 Arbalester
43:13 Bracer
45:19 Ring Archer Armor
45:20 Plate Mail Armor
47:42 Chemistry
46:53 Masonry
46:51 Capped Ram
47:45 Halberdier
51:36 Iron Casting
56:05 Ballistics
Good night
2:02 Loom
11:31 Feudal Age
14:26 Double-Bit Axe
19:54 Castle Age
27:58 Masonry
27:40 Treadmill Crane
28:17 Fortified Wall
29:26 Bow Saw
29:11 Gold Mining
29:12 Stone Mining
32:33 Imperial Age
30:42 Wheelbarrow
31:50 Stone Shaft Mining
31:47 Masonry
31:59 Ballistics
31:44 Padded Archer Armor
31:35 Fletching
32:09 Hand Cart
32:53 Elite Rattan Archer
33:38 Chatras
35:12 Paper Money
35:31 Hoardings
35:35 Horse Collar
37:08 Leather Archer Armor
36:49 Bodkin Arrow
37:00 Scale Barding Armor
36:56 Scale Mail Armor
37:07 Forging
37:29 Caravan
37:37 Elite Battle Elephant
46:29 Chain Mail Armor
46:36 Chain Barding Armor
47:42 Ring Archer Armor
47:42 Plate Mail Armor
47:48 Iron Casting
47:14 Bracer
53:25 Plate Barding Armor
56:45 Heavy Plow
60:25 Husbandry
62:46 Cavalier
66:18 Chemistry
songshu512
13:48 Feudal Age
14:30 Double-Bit Axe
14:27 Horse Collar
22:24 Forging
27:03 Castle Age
27:18 Castle Age
25:52 Gold Mining
25:53 Stone Mining
26:05 Stone Mining
27:35 Scale Mail Armor
28:39 Squires
27:59 Pikeman
31:15 Iron Casting
30:56 Chain Mail Armor
31:51 Anarchy
32:20 Bow Saw
32:13 Heavy Plow
33:00 Stone Shaft Mining
37:51 Imperial Age
37:57 Imperial Age
38:08 Imperial Age
36:23 Caravan
38:21 Halberdier
39:49 Conscription
41:38 Blast Furnace
42:06 Man-at-Arms
43:14 Perfusion
42:37 Elite Huskarl
43:09 Long Swordsman
43:25 Two-Handed Swordsman
49:33 Wheelbarrow
64:57 Champion
68:26 Hand Cart
allenchien1968
1:48 Loom
1:56 Loom
11:52 Feudal Age
12:42 Double-Bit Axe
18:17 Castle Age
17:50 Horse Collar
19:09 Horse Collar
19:44 Bow Saw
19:53 Heavy Plow
23:51 Wheelbarrow
31:02 Imperial Age
28:58 Hand Cart
32:40 Scale Mail Armor
32:51 Forging
32:53 Caravan
33:05 Guilds
34:11 Two-Man Saw
33:59 Crop Rotation
34:21 Chain Mail Armor
34:47 Iron Casting
34:06 Fletching
34:19 Padded Archer Armor
33:46 Elite Varangian Guard
33:50 Pikeman
34:17 Gambesons
34:20 Arson
34:38 Squires
35:04 Halberdier
36:23 Plate Mail Armor
36:39 Ballistics
37:20 Chemistry
37:27 Chemistry
36:09 Treadmill Crane
37:17 Stone Mining
37:21 Gold Mining
38:23 Scale Barding Armor
38:17 Bodkin Arrow
38:37 Leather Archer Armor
42:41 Gold Shaft Mining
42:44 Stone Shaft Mining
44:42 Hoardings
44:30 Conscription
44:35 Logistica
45:09 Bombard Tower
51:21 Onager
54:39 Fortified Wall
54:27 Murder Holes
54:19 Arrowslits
54:26 Guard Tower
55:03 Elite Skirmisher
58:05 Coinage
59:08 Husbandry
58:39 Light Cavalry
62:39 Chain Barding Armor
63:09 Banking
63:17 Ring Archer Armor
62:47 Bracer
62:29 Hussar
66:55 Cavalier
67:24 Man-at-Arms
Connection lost

Rejoining the realm…

Still unreachable

The connection could not be restored.

Session expired

The server has moved on; the page needs a fresh start.